 Dungeon Crawl Stone Soup version 0.21.1-1-g345015f (webtiles) character file.

69 suicidejoker the Sneak (level 4, 0/29 HPs)
             Began as an Octopode Assassin on Apr 12, 2018.
             Slain by an adder (3 damage)
             ... on level 2 of the Dungeon.
             The game lasted 00:02:18 (1431 turns).

suicidejoker the Sneak (Octopode Assassin)          Turns: 1431, Time: 00:02:20

Health: 0/29       AC:  1    Str:  9 (11) XL:     4   Next: 20%
Magic:  4/4        EV: 12    Int: 10 (13) God:
Gold:   92         SH:  0    Dex: 10 (13) Spells: 3/3 levels left

rFire    . . .     SeeInvis .   a - +2 dagger
rCold    . . .     Gourm    .   (no shield)
rNeg     . . .     Faith    .   (helmet restricted)
rPois    .         Spirit   .   (no amulet)
rElec    .         Reflect  .   (no ring)
rCorr    .         Harm     .   (no ring)
MR       .....                  (no ring)
Stlth    ++++......             (no ring)
HPRegen  0.09/turn              (no ring)
MPRegen  0.09/turn              (no ring)
                                (no ring)
                                (no ring)

@: lethally poisoned (0 -> -12)
A: almost no armour, stealthy swim, amphibious, 8 rings, constrict 8, camouflage
1, gelatinous body 1
a: no special abilities


You were on level 2 of the Dungeon.
You were not hungry.

You visited 1 branch of the dungeon, and saw 2 of its levels.

You collected 92 gold pieces.

Inventory:

Hand Weapons
 a - a +2 dagger (weapon)
 b - a +0 blowgun
Missiles
 c - 8 poisoned needles
 d - 2 curare-tipped needles
 h - 7 javelins (quivered)
 i - 57 stones
 k - 50 arrows
 l - 23 bolts
Scrolls
 e - a scroll of magic mapping {unknown}
 g - 4 scrolls of remove curse {unknown}
Comestibles
 f - 4 rations


   Skills:
 - Level 2.0 Fighting
 - Level 2.0 Short Blades
 - Level 2.0 Throwing
 - Level 1.0 Dodging
 + Level 7.8 Stealth


You had 3 spell levels left.
You didn't know any spells.

Dungeon Overview and Level Annotations

Branches:
Dungeon (2/15)

Altars:


Innate Abilities, Weirdness & Mutations

You cannot wear most types of armour.
You are very stealthy in the water. (Stealth+)
You are amphibious.
You can wear up to eight rings at the same time.
You can use your tentacles to constrict eight enemies at once.
Your skin changes colour to match your surroundings (Stealth+).
Your rubbery body absorbs attacks. (AC +1, EV +1)


Message History

You are too injured to fight recklessly!
You are too injured to fight recklessly!
You are too injured to fight recklessly!
You are too injured to fight recklessly!
The adder bites you.
You are poisoned.
The adder poisons you! The jackal barely misses you. The adder bites you.
* * * LOW HITPOINT WARNING * * *
You are more poisoned.
The adder poisons you! The jackal bites you.
* * * LOW HITPOINT WARNING * * *
There is an open door, spattered with blood here.
It was a potion of degeneration.
There was something very wrong with that liquid.
You feel weakened.
You feel dopey.
You feel clumsy.
* * * LOW HITPOINT WARNING * * *
You feel sick.
The jackal bites you but does no damage.
The adder bites you.
You die...

#.....#....#####
#.#.....#.####
#.#.....#.#### .
..+..........+
..
#.#.....######
... #.#.....#
.l.. #.#.....#
..... #.#.....#
......#@#)....#
...g.hShh######
.........#
...........
............#
...####.....#
... #....... ..
#........
^........


You could see an adder, 3 jackals and a goblin.

Vanquished Creatures
  2 oozes (D:1)
  2 dart slugs (D:1)
  A leopard gecko (D:2)
  A ball python (D:1)
  4 bats
  2 giant cockroaches (D:1)
  4 goblins
  7 hobgoblins
  11 jackals
  6 kobolds
  A quokka (D:2)
  2 frilled lizards (D:2)
  7 rats
50 creatures vanquished.

Notes
Turn   | Place    | Note
-------+----------+-------------------------------------------
     0 | D:1      | suicidejoker the Octopode Assassin began the quest for the Orb.
     0 | D:1      | Reached XP level 1. HP: 14/14 MP: 1/1
    95 | D:1      | Reached XP level 2. HP: 18/19 MP: 2/2
   102 | D:1      | Reached skill level 6 in Stealth
   294 | D:1      | Reached XP level 3. HP: 18/24 MP: 3/3
   567 | D:1      | Reached skill level 7 in Stealth
  1337 | D:2      | Reached XP level 4. HP: 29/29 MP: 4/4
  1431 | D:2      | Slain by an adder

Skill      XL: |  1  2  3 |
---------------+----------+-----
Stealth        | 6 7 |  7.8
Fighting       | |  2.0
Short Blades   | |  2.0
Throwing       | |  2.0
Dodging        | |  1.0

Action                   |  1- 3 |  4- 6 || total
-------------------------+-------+-------++-------
Melee: Dagger            |    72 |    17 ||    89
       Constrict         |    21 |     4 ||    25
       Tentacles         |    12 |     2 ||    14
Throw: Javelin           |     1 |     2 ||     3
  Use: Potion            |       |     1 ||     1
 Stab: Sleeping          |    11 |     1 ||    12
  Eat: Chunk             |     1 |     1 ||     2
Armor: Skin              |     5 |     3 ||     8
Dodge: Dodged            |    36 |    13 ||    49
